 Dungeon Crawl Stone Soup version 0.26-a0-27-g1f0226971c (webtiles) character file.

Game seed: 2177137924692075754, levelgen mode: deterministic

135 Esekla the Grasshopper (level 5, -2/34 HPs)
             Began as an Octopode Warper on May 27, 2020.
             Slain by a river rat (6 damage)
             ... on level 3 of the Dungeon.
             The game lasted 00:10:55 (2129 turns).

Esekla the Grasshopper (Octopode Warper)            Turns: 2129, Time: 00:10:56

Health: -2/34      AC:  1    Str: 11    XL:     5   Next: 18%
Magic:  7/8        EV: 14    Int: 15    God:
Gold:   99         SH:  0    Dex: 12    Spells: 4/8 levels left

rFire    . . .     SeeInvis .   a - +0 falchion
rCold    . . .     Gourm    .   (no shield)
rNeg     . . .     Faith    .   (helmet restricted)
rPois    .         Spirit   .   (no amulet)
rElec    .         Reflect  .   (no ring)
rCorr    .         Harm     .   (no ring)
MR       .....                  (no ring)
Stlth    +++.......             (no ring)
HPRegen  0.11/turn              (no ring)
MPRegen  0.11/turn              (no ring)
                                (no ring)
                                (no ring)

@: no status effects
A: almost no armour, stealthy swim, amphibious, 8 rings, constrict 8, camouflage
1, gelatinous body 1
a: no special abilities


You were on level 3 of the Dungeon.
You were not hungry.

You visited 1 branch of the dungeon, and saw 3 of its levels.

You collected 99 gold pieces.

Inventory:

Hand Weapons
 a - a +0 falchion (weapon)
Missiles
 d - 5 boomerangs of dispersal
 e - 3 boomerangs
 j - 18 poisoned darts (quivered)
Scrolls
 b - a scroll of fog {unknown}
 c - a scroll of blinking
 g - 2 scrolls of remove curse
 h - a scroll of enchant weapon {unknown}
Potions
 k - 3 potions of heal wounds
 m - a potion of magic
 n - a potion of curing
Comestibles
 f - 2 rations


   Skills:
 + Level 2.2 Fighting
 * Level 3.3 Long Blades
 - Level 1.0 Throwing
 * Level 3.1 Dodging
 + Level 2.4 Stealth
 + Level 2.1 Spellcasting
 * Level 1.0 Charms
 * Level 3.5 Translocations


You had 4 spell levels left.
You knew the following spells:

 Your Spells              Type           Power        Failure   Level  Hunger
a - Shroud of Golubria    Chrm/Tloc      #.....       13%         2    ###....
b - Blink                 Tloc           N/A          8%          2    ###....

Your spell library contained the following spells:

 Spells                   Type           Power        Failure   Level  Hunger
 Gell's Gravitas          Tloc           ##........   16%         3    ###....
 Lesser Beckoning         Tloc           ##........   16%         3    ###....
 Teleport Other           Tloc           ##......     16%         3    ###....
 Passage of Golubria      Tloc           N/A          45%         4    #####..


Dungeon Overview and Level Annotations

Branches:
Dungeon (3/15)

Altars:
Zin

Portals:
Sewer: D:3


Innate Abilities, Weirdness & Mutations

You cannot wear most types of armour.
You are very stealthy in the water. (Stealth+)
You are amphibious.
You can wear up to eight rings at the same time.
You can use your tentacles to constrict eight enemies at once.
Your skin changes colour to match your surroundings (Stealth+).
Your rubbery body absorbs attacks. (AC +1, EV +1)


Message History

The adder is heavily wounded.
The adder completely misses you.
You hit the adder.
You kill the adder!
You hit the river rat but do no damage. Your grab misses the river rat.
The river rat is moderately wounded.
The river rat closely misses you.
You riposte.
You hit the river rat. Your grab misses the river rat.
The river rat is heavily wounded.
You hit the river rat but do no damage. You grab the river rat.
The river rat is heavily wounded.
Your shroud unravels.
You constrict the river rat, but do no damage.
The river rat barely misses you.
You riposte.
You hit the river rat but do no damage.
The river rat is heavily wounded.
You barely miss the river rat.
The river rat is heavily wounded.
You constrict the river rat. The river rat bites you.
You die...

#### ######..
#∩≈≈≈≈.#
#≈≈≈≈..#######..
#≈≈≈≈.wr@.......
#≈≈....#.#.###.#
#.....†#.#.#
#..#.#.#.#.#
#....#.....###
####......†÷.# .
#..##.#.#.# ...
#..#>.#.#.#....
#..............


You could see a worm and a river rat.

Vanquished Creatures
  A hound zombie (D:3)
  A river rat (D:3)
  6 adders
  An ooze (D:1)
  A worm (D:3)
  A leopard gecko (D:1)
  7 goblins
  8 hobgoblins
  A ball python (D:2)
  2 bats
  5 frilled lizards
  A jackal skeleton (D:3)
  8 kobolds
  13 rats
56 creatures vanquished.

Notes
Turn   | Place    | Note
-------+----------+-------------------------------------------
     0 | D:1      | Esekla the Octopode Warper began the quest for the Orb.
     0 | D:1      | Reached XP level 1. HP: 14/14 MP: 3/3
   164 | D:1      | Reached XP level 2. HP: 19/19 MP: 5/5
   358 | D:1      | You fall into a shaft and drop 1 floor!
   396 | D:2      | Learned a level 2 spell: Shroud of Golubria
   399 | D:2      | Learned a level 2 spell: Blink
   608 | D:2      | Found a glowing silver altar of Zin.
   618 | D:2      | Reached XP level 3. HP: 24/24 MP: 1/6
   906 | D:2      | Reached skill level 1 in Stealth
  1181 | D:1      | Reached XP level 4. HP: 29/29 MP: 4/7
  2080 | D:3      | Reached XP level 5. HP: 17/34 MP: 6/8
  2085 | D:3      | Reached skill level 1 in Charms
  2097 | D:3      | Found a glowing drain.
  2129 | D:3      | Slain by a river rat

Illustrated notes

Levels and vault maps discovered:
D:1:      psy_arrival_spokes, layout_basic, minivault_4, minmay_pentomino_s2
D:2:      layout_basic, lemuel_doored_altar
D:3:      layout_loops_corners, xom_butterflies, tgw_trog, serial_undead,
          serial_undead_b, serial_undead_f, serial_undead_c, serial_undead_f,
          portal_sewer_entry_b, uniq_grinder

Skill      XL: |  1  2  3  4  5 |
---------------+----------------+-----
Stealth        | 1 2 |  2.4
Dodging        | 3 |  3.1
Long Blades    | 3 |  3.3
Charms         | 1 |  1.0
Fighting       | |  2.2
Throwing       | |  1.0
Spellcasting   | |  2.1
Translocations | |  3.5

Action                   |  1- 3 |  4- 6 || total
-------------------------+-------+-------++-------
Melee: Falchion          |    67 |    60 ||   127
       Tentacles         |    14 |     7 ||    21
       Constrict         |    13 |    16 ||    29
Throw: Dart              |       |     2 ||     2
 Cast: Shroud of Golubri |     4 |     4 ||     8
  Use: Scroll            |       |     6 ||     6
       Potion            |       |     1 ||     1
 Stab: Sleeping          |     5 |     9 ||    14
  Eat: Chunk             |     1 |     4 ||     5
Armor: Skin              |     4 |     1 ||     5
Dodge: Dodged            |    45 |    34 ||    79
       Rpst.: Falchion   |    17 |    10 ||    27

Table legend:
 A = Non-vault XP
 B = Vault XP
 C = Vault XP percentage of total XP
 D = Non-vault monster count
 E = Vault monster count
 F = Vault count percentage of total count
                 A         B        C        D         E       F
            +---------+---------+-------+---------+---------+-------
      Total |     141 |      52 |  26.9 |      50 |       6 |  10.7
            +---------+---------+-------+---------+---------+-------
        D:1 |      40 |       2 |   4.8 |      24 |       1 |   4.0
        D:2 |      63 |       0 |   0.0 |      20 |       0 |   0.0
        D:3 |      38 |      50 |  56.8 |       6 |       5 |  45.5
            +---------+---------+-------+---------+---------+-------
